 Dungeon Sprint DCSS version 0.16-a0-4004-g8d6611c (webtiles) character file.

2100000 PolkaDot the Intangible (level 18, -126/175 HPs)
             Began as a Demonspawn Gladiator on Feb 15, 2015.
             Was the Champion of Makhleb.
             Annihilated by a destroyer
             ... wielding a +9 great sword of slicing
              (230 damage)
             ... in the Dungeon (Sprint VIII: "Arena of Blood").
             The game lasted 00:01:10 (21 turns).

PolkaDot the Intangible (Demonspawn Gladiator)        Turns: 21, Time: 00:01:11

Health: -126/175   AC:  4    Str: 18    XL:     18   Next: 9%
Magic:  18/18      EV: 39    Int:  9    God:    Makhleb [******]
Gold:   0          SH:  0    Dex: 20    Spells: 0 memorised, 17 levels left

rFire  . . .     SeeInvis .     k - +∞ Axe of Woe
rCold  . . .     Clarity  .     b - +0 leather armour
rNeg   . . .     SustAb   .     (no shield)
rPois  .         Gourm    .     c - +0 helmet
rElec  .         Spirit   .     (no cloak)
rCorr  .         Warding  .     (no gloves)
rMut   .         NoTele   +     (no boots)
MR     +....                    (no amulet)
Stlth  ++........               (no ring)
                                (no ring)

@: repel missiles, somewhat resistant to hostile enchantments, unstealthy
A: talons 2, repulsion field 3, foul stench 1, spiny 1, rot immunity
a: Minor Destruction, Lesser Servant of Makhleb, Major Destruction, Greater
Servant of Makhleb, Renounce Religion


You were in the Dungeon.
You worshipped Makhleb.
Makhleb was exalted by your worship.
You were not hungry.

You visited 1 branch

Inventory:

Hand weapons
 k - the +∞ Axe of Woe (weapon)
   (You found it in the Dungeon)
Missiles
 d - 3 throwing nets (quivered)
Armour
 b - a +0 leather armour (worn)
 c - a +0 helmet (worn)
Scrolls
 j - a scroll of blinking
Potions
 e - a potion of curing
 f - a potion of heal wounds
 g - a potion of haste
 h - 2 potions of magic
 i - a potion of berserk rage
Comestibles
 a - a bread ration


   Skills:
 + Level 24.7 Fighting
 + Level 19.8 Axes
 + Level 20.1 Throwing
 O Level 27 Dodging
 O Level 27 Unarmed Combat


You had 17 spell levels left.
You didn't know any spells.

Dungeon Overview and Level Annotations

Branches:
Dungeon (1/1)

Altars:
Makhleb


Innate Abilities, Weirdness & Mutations

You have razor-sharp toenails.
You are surrounded by a strong repulsion field (EV +4, rMsl).
You emit a foul stench.
You are partially covered in sharp spines.
You are immune to rotting.


Message History

You feel a little better.
Your Fighting skill increases to level 24!
Your Axes skill increases to level 19!
Your Throwing skill increases to level 20!
You have reached level 18!
Your experience leads to an increase in your attributes!
Increase (S)trength, (I)ntelligence, or (D)exterity?
You feel agile.
You are engulfed in roaring flames.
You hear a shout! x4
The destroyer is engulfed in roaring flames.
You hear a shout! x8
The bag of meat hits you with a +9 war axe!!
* * * LOW HITPOINT WARNING * * *
A destroyer comes into view.
It is wielding a +9 great sword of slicing.
The destroyer shouts!
The destroyer is engulfed in roaring flames.
The destroyer hits you with a +9 great sword of slicing!!!!!
Ouch! That really hurt!
You die...

......#_.<._# .
......#.....#.....
.#.....).._o.......
.......).###.......
....###)))%...###.
......#V).....#
...o...#)).....#.
.......o§§§o.o...
.#.o.o.§@VCooC...
#......o§§o......
#..............
.....#.o......#
......oo......#
...##.#.....% .. ..
.%..V .. #... .


You could see 3 destroyers, 2 large bags of meat and 13 bags of meat.

Vanquished Creatures
  A hill giant (D)
  5 ogres (D)
  14 orcs (D)
20 creatures vanquished.

Notes
Turn   | Place    | Note
--------------------------------------------------------------
     0 | D        | PolkaDot, the Demonspawn Gladiator, began the quest for the Orb.
     0 | D        | Reached XP level 1. HP: 16/16 MP: 1/1
     3 | D        | Noticed a bag of meat
     4 | D        | Became a worshipper of Makhleb the Destroyer
     5 | D        | Noticed a bag of meat
     5 | D        | Noticed a bag of meat
     7 | D        | Noticed a meat berserker
     7 | D        | Noticed a bag of meat
     8 | D        | Killed a bag of meat
     8 | D        | Reached skill level 9 in Fighting
     8 | D        | Reached skill level 15 in Dodging
     8 | D        | Reached skill level 15 in Unarmed Combat
     8 | D        | Gained mutation: You are partially covered in sharp spines. [demonic ancestry]
     8 | D        | Reached XP level 2. HP: 20/35 MP: 2/2
     8 | D        | Gained mutation: You are surrounded by a mild repulsion field (EV +2). [demonic ancestry]
     8 | D        | Reached XP level 3. HP: 23/41 MP: 3/3
     8 | D        | Gained mutation: You are immune to rotting. [demonic ancestry]
     8 | D        | Reached XP level 4. HP: 26/47 MP: 4/4
     8 | D        | Gained mutation: You emit a foul stench. [demonic ancestry]
     8 | D        | Reached XP level 5. HP: 29/53 MP: 5/5
     8 | D        | Gained mutation: You are surrounded by a moderate repulsion field (EV +3). [demonic ancestry]
     8 | D        | Reached XP level 6. HP: 32/60 MP: 6/6
     8 | D        | Reached XP level 7. HP: 34/65 MP: 7/7
     8 | D        | Gained mutation: You have sharp toenails. [demonic ancestry]
     8 | D        | Reached XP level 8. HP: 37/72 MP: 8/8
     8 | D        | Reached XP level 9. HP: 40/78 MP: 9/9
     8 | D        | Gained mutation: You have razor-sharp toenails. [demonic ancestry]
     8 | D        | Reached XP level 10. HP: 43/85 MP: 10/10
     8 | D        | Reached XP level 11. HP: 45/90 MP: 11/11
     8 | D        | Killed a bag of meat
     8 | D        | Acquired Makhleb's first power
     8 | D        | Reached skill level 1 in Axes
     8 | D        | Reached skill level 10 in Throwing
     8 | D        | Reached skill level 18 in Dodging
     8 | D        | Reached XP level 12. HP: 48/100 MP: 12/12
     9 | D        | Noticed a bag of meat
     9 | D        | Noticed a bag of meat
     9 | D        | Noticed a bag of meat
     9 | D        | Noticed a bag of meat
     9 | D        | Noticed a meat berserker
     9 | D        | Killed a bag of meat
     9 | D        | Reached skill level 19 in Dodging
     9 | D        | Reached XP level 13. HP: 40/109 MP: 13/13
     9 | D        | Killed a meat berserker
     9 | D        | Acquired Makhleb's second power
     9 | D        | Reached skill level 20 in Dodging
    10 | D        | Noticed a bag of meat
    10 | D        | Noticed a bag of meat
    10 | D        | Noticed a bag of meat
    12 | D        | Killed a bag of meat
    12 | D        | Reached skill level 21 in Dodging
    12 | D        | Reached XP level 14. HP: 117/120 MP: 14/14
    12 | D        | Killed a bag of meat
    12 | D        | Acquired Makhleb's third power
    12 | D        | Reached skill level 5 in Axes
    12 | D        | Reached skill level 22 in Dodging
    13 | D        | Killed a meat berserker
    13 | D        | Reached skill level 15 in Fighting
    13 | D        | Reached skill level 23 in Dodging
    13 | D        | Reached XP level 15. HP: 126/129 MP: 15/15
    13 | D        | Killed a bag of meat
    13 | D        | Killed a bag of meat
    13 | D        | Acquired Makhleb's fourth power
    13 | D        | Reached skill level 24 in Dodging
    13 | D        | Killed a bag of meat
    13 | D        | Reached skill level 15 in Throwing
    13 | D        | Reached skill level 25 in Dodging
    14 | D        | Killed a bag of meat
    14 | D        | Gained mutation: You are surrounded by a strong repulsion field (EV +4, rMsl). [demonic ancestry]
    14 | D        | Reached XP level 16. HP: 139/141 MP: 16/16
    14 | D        | Killed a bag of meat
    14 | D        | Acquired Makhleb's fifth power
    14 | D        | Reached skill level 10 in Axes
    14 | D        | Reached skill level 26 in Dodging
    14 | D        | Killed a bag of meat
    15 | D        | Noticed a large bag of meat
    15 | D        | Noticed a bag of meat
    15 | D        | Noticed a bag of meat
    15 | D        | Noticed a bag of meat
    16 | D        | Noticed a meat berserker
    16 | D        | Noticed a meat berserker
    16 | D        | Noticed a bag of meat
    16 | D        | Noticed a bag of meat
    17 | D        | Noticed a meat berserker
    17 | D        | Noticed a destroyer
    17 | D        | Noticed a destroyer
    17 | D        | Noticed a bag of meat
    18 | D        | Noticed a bag of meat
    18 | D        | Noticed a bag of meat
    18 | D        | Noticed a bag of meat
    19 | D        | Noticed a bag of meat
    19 | D        | Noticed a bag of meat
    19 | D        | Noticed a large bag of meat
    19 | D        | Killed a bag of meat
    19 | D        | Reached skill level 27 in Dodging
    19 | D        | Killed a large bag of meat
    19 | D        | Reached skill level 27 in Unarmed Combat
    19 | D        | Reached XP level 17. HP: 152/155 MP: 17/17
    20 | D        | Noticed a bag of meat
    20 | D        | Noticed a bag of meat
    20 | D        | Noticed a bag of meat
    20 | D        | Noticed a large bag of meat
    20 | D        | Killed a bag of meat
    20 | D        | Killed a meat berserker
    20 | D        | Killed a meat berserker
    21 | D        | Noticed a bag of meat
    21 | D        | Noticed a bag of meat
    21 | D        | Killed a bag of meat
    21 | D        | Killed a meat berserker
    21 | D        | Reached XP level 18. HP: 162/175 MP: 18/18
    21 | D        | Noticed a destroyer
    21 | D        | Annihilated by a destroyer

Action                   |  1- 3 |  4- 6 |  7- 9 | 10-12 | 13-15 | 16-18 || total
-------------------------+-------+-------+-------+-------+-------+-------++-------
Melee: Executioner's axe |     1 |       |       |     1 |     3 |     3 ||     8
